 Dungeon Crawl Stone Soup version 0.30-a0-40-gc6d0f036a7 (webtiles) character file.

Game seed: 7774839324993758913

4625 robertstho the Grappler (level 10, -1/147 HPs)
             Began as a Troll Berserker on Aug 29, 2022.
             Was a High Priest of Trog.
             Slain by an orc warrior
             ... wielding a +0 glaive
              (13 damage)
             ... on level 9 of the Dungeon.
             The game lasted 00:08:45 (6321 turns).

robertstho the Grappler (Troll Berserker)           Turns: 6321, Time: 00:08:46

Health: -1/147     AC:  5    Str: 29    XL:     10   Next: 19%
Magic:  9/9        EV: 11    Int:  5    God:    Trog [*****.]
Gold:   333        SH:  0    Dex:  9    Spells: 9/9 levels left

rFire   + . .      SeeInvis +      - Unarmed
rCold   . . .      Faith    .    (no shield)
rNeg    . . .      Spirit   .    a - +0 animal skin
rPois   .          Reflect  .    (helmet restricted)
rElec   .          Harm     .    B - +0 cloak
rCorr   .          Rampage  .    (gloves unavailable)
Will    .....                    (boots unavailable)
Stlth   ..........               (no amulet)
HPRegen 1.14/turn                b - ring of protection from fire
MPRegen 0.11/turn                m - ring of see invisible

@: berserking, studying Ranged Weapons, very quick
A: large, unfitting armour, claws 3, regeneration 1, shaggy fur 1, tough skin 1
a: Renounce Religion, Berserk, Trog's Hand, Brothers in Arms


You were on level 9 of the Dungeon.
You worshipped Trog.
Trog was extremely pleased with you.
You visited 1 branch of the dungeon, and saw 9 of its levels.

You collected 423 gold pieces.
You spent 90 gold pieces at shops.

Inventory:

Armour
 a - a +0 animal skin (worn)
 B - a +0 cloak (worn)
Jewellery
 b - a ring of protection from fire (left claw)
 m - a ring of see invisible (right claw)
 o - a +6 ring of intelligence
 r - a ring of willpower
Scrolls
 c - 3 scrolls of teleportation
 e - a scroll of blinking
 h - a scroll of fear {unknown}
 k - 4 scrolls of magic mapping {unknown}
 l - 2 scrolls of summoning
 n - 2 scrolls of enchant armour
 q - a scroll of acquirement {unknown}
 s - a scroll of enchant weapon {unknown}
 v - a scroll of fog {unknown}
 w - 3 scrolls of amnesia {unknown}
 x - a scroll of silence {unknown}
 y - a scroll of poison
Potions
 d - a potion of mutation
 f - 4 potions of heal wounds
 g - 8 potions of curing
 i - 4 potions of attraction
 j - 3 potions of flight
 p - 2 potions of might
 t - a potion of berserk rage {unknown}
 u - 2 potions of magic
 z - a potion of resistance
 A - a potion of lignification {unknown}


   Skills:
 * Level 6.0 Fighting
 * Level 5.2 Armour
 + Level 5.7 Dodging
 + Level 1.1 Stealth
 + Level 10.3 Unarmed Combat


You had 9 spell levels left.
You didn't know any spells.
Your spell library was empty.

Dungeon Overview and Level Annotations

Branches:
Dungeon (9/15)             Temple (0/1) D:7             Orc (0/2) D:9
   Lair: D:8-11

Altars:
Fedhas

Shops:
D:2 !

Annotations:
D:5 2 runed translucent doors, frimble's ghost, novice DsAE


Innate Abilities, Weirdness & Mutations

You are too large for most types of armour.
You have claws for hands.
Your natural rate of healing is unusually fast.
You are covered in fur. (AC +1)
You have tough skin. (AC +1)


Message History

The orc hits you with a +0 club.
The orc warrior hits you from afar with a +0 glaive!
You barely miss the orc warrior.
The orc warrior is moderately wounded.
The orc warrior closely misses you. The orc hits you but does no damage.
The orc warrior misses you.
You scratch the orc warrior.
The orc warrior is moderately wounded.
You scratch the orc warrior but do no damage.
The orc warrior is moderately wounded.
The orc warrior hits you from afar with a +0 glaive!
The orc warrior closely misses you. The orc hits you but does no damage.
A red film seems to cover your vision as you go berserk!
You feel yourself moving faster!
You feel mighty!
The orc warrior hits you from afar with a +0 glaive!
The orc warrior barely misses you. The orc hits you with a +0 club.
You barely miss the orc warrior.
The orc warrior is moderately wounded.
The orc warrior hits you from afar with a +0 glaive!!
* * * LOW HITPOINT WARNING * * *
The orc warrior hits you with a +0 flail!
* * * LOW HITPOINT WARNING * * *
The orc barely misses you.
You scratch the orc warrior.
The orc warrior is severely wounded.
You mangle the orc warrior!!
You kill the orc warrior!
Trog accepts your kill.
The orc warrior hits you from afar with a +0 glaive!
* * * LOW HITPOINT WARNING * * *
The orc hits you with a +0 club.
* * * LOW HITPOINT WARNING * * *
Your life force feels restored.
Your Fighting skill increases to level 6!
You barely miss the orc. You claw the orc!
You kill the orc!
Trog accepts your kill.
The orc warrior hits you from afar with a +0 glaive!
You die...

.# ###........#.#
#####.........##.#
.........##.#.##.#######
....................<...
...........###..........
..........## #..........
.$...$.....# ###...#####
.....o)....#####.#..####
......)@................
...>....######..####....
.....$.## #.## #####
.$..... #.# # .$.....
####.### ## ..!$$..
#......# #. .......
#......# #. .....$.
#......# ##.
#......#####..


You could see an orc warrior.

Vanquished Creatures
  A kobold demonologist (D:7)
  2 hornets
  Grinder (D:4)
  Sigmund (D:2)
  Edmund (D:6)
  A water moccasin (D:8)
  4 orc warriors
  2 sky beasts (D:7)
  A black bear (D:6)
  A centaur (D:9)
  An ogre (D:5)
  A phantom (D:5)
  5 kobold brigands
  A bullfrog (D:4)
  A necrophage (D:5)
  8 scorpions
  4 wights (D:9)
  6 killer bees (D:9)
  A howler monkey (D:7)
  6 hounds
  5 jellies
  4 orc priests
  6 iguanas
  5 orc wizards
  4 gnolls (D:4)
  11 adders
  2 shadow imps (D:7)
  2 white imps (D:5)
  An ufetubus (D:4)
  3 dart slugs
  28 orcs
  10 endoplasms
  4 giant cockroaches
  10 hobgoblins
  10 jackals
  4 quokkas
  6 ball pythons
  15 bats
  4 frilled lizards
  11 goblins
  25 kobolds
  9 rats
228 creatures vanquished.

Vanquished Creatures (others)
  2 fungi (D:8)
  11 plants
13 creatures vanquished.

Grand Total: 241 creatures vanquished

Notes
Turn   | Place    | Note
-------+----------+-------------------------------------------
     0 | D:1      | robertstho the Troll Berserker began the quest for the Orb.
     0 | D:1      | Reached XP level 1. HP: 22/22 MP: 0/0
   100 | D:1      | Reached XP level 2. HP: 26/29 MP: 1/1
   480 | D:1      | Reached ** piety under Trog
   595 | D:1      | Reached XP level 3. HP: 36/36 MP: 2/2
   854 | D:2      | Noticed Sigmund
   871 | D:2      | Killed Sigmund
   872 | D:2      | Reached skill level 1 in Armour
   872 | D:2      | Reached skill level 4 in Unarmed Combat
   872 | D:2      | Reached XP level 4. HP: 17/46 MP: 3/3
   872 | D:2      | Reached XP level 5. HP: 20/53 MP: 4/4
  1072 | D:2      | Found Tylat's Distillery.
  1096 | D:2      | Bought a potion of curing for 30 gold pieces
  1096 | D:2      | Bought a potion of attraction for 30 gold pieces
  1096 | D:2      | Bought a potion of flight for 30 gold pieces
  1655 | D:3      | Reached *** piety under Trog
  1699 | D:3      | Reached XP level 6. HP: 62/62 MP: 5/5
  1972 | D:4      | Reached skill level 5 in Unarmed Combat
  2224 | D:4      | Reached XP level 7. HP: 66/68 MP: 6/6
  2501 | D:4      | Found a blossoming altar of Fedhas.
  2691 | D:4      | Noticed Grinder
  2700 | D:4      | Killed Grinder
  2701 | D:4      | Reached skill level 6 in Unarmed Combat
  3071 | D:5      | Entered Level 5 of the Dungeon
  3082 | D:5      | Reached **** piety under Trog
  3123 | D:5      | Reached XP level 8. HP: 71/78 MP: 7/7
  3215 | D:5      | Reached skill level 7 in Unarmed Combat
  3236 | D:5      | Found a large runed translucent door.
  3236 | D:5      | Found a large runed translucent door.
  3238 | D:5      | Noticed frimble's ghost (novice DsAE)
  3901 | D:6      | Noticed Edmund
  3921 | D:6      | Killed Edmund
  3929 | D:6      | Reached skill level 8 in Unarmed Combat
  4400 | D:7      | Reached XP level 9. HP: 61/87 MP: 8/8
  4491 | D:7      | Reached skill level 5 in Fighting
  4594 | D:7      | Found a staircase to the Ecumenical Temple.
  4655 | D:7      | Noticed a kobold demonologist
  4666 | D:7      | Killed a kobold demonologist
  4667 | D:7      | Reached skill level 9 in Unarmed Combat
  4671 | D:7      | Reached skill level 5 in Dodging
  5208 | D:8      | Reached ***** piety under Trog
  5446 | D:8      | Reached skill level 1 in Stealth
  5459 | D:8      | Found the +7 Singing Sword {vorpal, sonic wave}
  6034 | D:9      | Reached skill level 10 in Unarmed Combat
  6039 | D:9      | Reached XP level 10. HP: 98/98 MP: 9/9
  6058 | D:9      | Reached skill level 5 in Armour
  6303 | D:9      | Found a staircase to the Orcish Mines.
  6321 | D:9      | Slain by an orc warrior

Illustrated notes

Levels and vault maps discovered:
D:1:      lemuel_arrival_tunnels, layout_loops_cross, minmay_misc_feat_room,
          kennysheep_small_spiral
D:2:      layout_basic, serial_shops, nicolae_shop_advertising_works
          [nicolae_subvault_shop_adworks], glass_columns_a, uniq_sigmund
D:3:      layout_rooms
D:4:      layout_loops_corners, nicolae_overflow_hidden_temple,
          chequers_big_river, minmay_manual_mess, uniq_grinder
D:5:      layout_cave_pools, ebering_ghost_disaster_area, serial_park_tiny_1,
          hellmonk_bongcloud_opening, mrwooster_statue_mirror
D:6:      layout_loops_ring, palyth_stone_intersect, uniq_edmund
D:7:      layout_layer_cave, minmay_temple_entry_ruins
D:8:      old_forge, layout_loops_ring, grunt_decor_one_mirror
D:9:      layout_rooms, orc_david_3, minmay_shop_damaged, minivault_20

Skill      XL: |  1  2  3  4  5  6  7  8  9 10 |
---------------+-------------------------------+-----
Fighting       | 3 4 5 6 |  6.0
Armour         | 1 2 4 5 |  5.2
Dodging        | 3 4 5 |  5.7
Unarmed Combat | 4 5 6 8 10 | 10.3
Stealth        | 1 |  1.1

Action                   |  1- 3 |  4- 6 |  7- 9 | 10-12 || total
-------------------------+-------+-------+-------+-------++-------
Melee: Unarmed           |    76 |   144 |   331 |    56 ||   607
       Punch             |     1 |     1 |    13 |     2 ||    17
Invok: Berserk           |       |     1 |     8 |     2 ||    11
  Use: Scroll            |       |       |     9 |     2 ||    11
       Potion            |       |       |       |     1 ||     1
Armor: Animal skin       |    19 |    28 |    78 |    26 ||   151
Dodge: Dodged            |    34 |    72 |   148 |    50 ||   304

Table legend: (Time is in decaauts)
 A = Elapsed time spent in this place.
 B = Non-inter-level travel time spent in this place.
 C = Inter-level travel time spent in this place.
 D = Time resting spent in this place.
 E = Time spent auto-exploring this place.
 F = Levels seen in this place.
 G = Mean time per level.
                   A        B        C        D        E       F      G
               +--------+--------+--------+--------+--------+-----+--------+
         Total |   6352 |   6166 |    186 |    186 |   4785 |   9 |  705.8 |
       Dungeon |   6352 |   6166 |    186 |    186 |   4785 |   9 |  705.8 |
               +--------+--------+--------+--------+--------+-----+--------+

Top non-repeatable levels by time:
     D:4: 1226 daAuts
     D:8: 874 daAuts
     D:1: 840 daAuts
     D:7: 785 daAuts
     D:2: 649 daAuts
     D:6: 642 daAuts
     D:5: 617 daAuts
     D:3: 374 daAuts
     D:9: 343 daAuts
